 Dungeon Crawl Stone Soup version 0.16-a0-223-g37887f7 (webtiles) character file.

91 MRaven the Ruinous (level 4, -9/30 HPs)
             Began as a Demonspawn Wizard on Aug 19, 2014.
             Mangled by Crazy Yiuf
             ... wielding a +4 quarterstaff of chaos
              (12 damage)
             ... on Level 2 of the Dungeon.
             The game lasted 00:16:56 (3070 turns).

MRaven the Ruinous (Demonspawn Wizard)              Turns: 3070, Time: 00:16:56

HP  -9/30        AC  5     Str  7      XL: 4   Next: 33%
MP   1/9         EV 12     Int 21      God:
Gold 65          SH  0     Dex 11      Spells:  4 memorised,  0 levels left

rFire  . . .     SeeInvis .     o - +0 spear
rCold  . . .     Clarity  .     a - +0 robe
rNeg   . . .     rCorr    .     (no shield)
rPois  .         rRot     .     b - +0 hat
rElec  .         Spirit   .     h - +0 cloak
SustAb .         Warding  .     (no gloves)
rMut   .         Stasis   .     (no boots)
Gourm  .                        (no amulet)
MR     .....                    (no ring)
                                (no ring)

@: repel missiles, not resistant to hostile enchantments, unstealthy
A: thin metallic scales 1, nightstalker 1
a: no special abilities


You were on level 2 of the Dungeon.
You were not hungry.

You visited 1 branch of the dungeon, and saw 2 of its levels.

You collected 65 gold pieces.

Inventory:

Hand weapons
 o - a +0 spear (weapon)
Missiles
 k - 16 stones (quivered)
Armour
 a - a +0 robe (worn)
 b - a +0 hat (worn)
 h - a +0 cloak (worn)
Comestibles
 d - a bread ration
 l - a rotting chunk of hobgoblin flesh
 s - a meat ration
 t - a rotting chunk of quokka flesh
Scrolls
 e - a scroll of recharging {unknown}
 j - a scroll of random uselessness {unknown}
 m - 2 scrolls of fog
 n - 3 scrolls of enchant weapon
 r - a scroll of identify
 u - a scroll of remove curse {unknown}
Potions
 f - 2 potions of invisibility
 g - 2 potions of magic
Books
 c - a book of Minor Magic

   Spells                             Type                      Level
   *Magic Dart                        Conjuration                  1
   Blink                              Translocation                2
   Call Imp                           Summoning                    2
   *Repel Missiles                    Charms/Air                   2
   Slow                               Hexes                        2
   *Conjure Flame                     Conjuration/Fire             3
   *Mephitic Cloud                    Conjuration/Poison/Air       3


   Skills:
 - Level 1.7 Dodging
 - Level 1.7 Stealth
 - Level 3.0 Spellcasting
 + Level 4.2 Conjurations
   Level 1.0 Summonings
   Level 0.8 Translocations


You couldn't memorise any spells.
You knew the following spells:

 Your Spells              Type           Power        Failure   Level  Hunger
a - Magic Dart            Conj           ###.         2%          1    None
b - Conjure Flame         Conj/Fire      ##......     21%         3    ###....
c - Mephitic Cloud        Conj/Pois/Air  #.......     24%         3    ###....
d - Repel Missiles        Chrm/Air       #.....       21%         2    ##.....


Dungeon Overview and Level Annotations

Branches:
Dungeon (2/15)

Altars:

Annotations:
D:2 Crazy Yiuf


Innate Abilities, Weirdness & Mutations

You are partially covered in thin metallic scales (AC +2).
You are slightly more attuned to the shadows.


Message History

Crazy Yiuf says, "Crazy?
Crazy!?
PORCUPINE!"
You see here a mace.
Casting: Magic Dart
Confirm with . or Enter, or press ? or * to list all spells.
Aiming: Magic Dart
Press: ? - help, Shift-Dir - straight line, f/p - Crazy Yiuf
Aim: Crazy Yiuf, wielding a quarterstaff of chaos, wearing a glowing cloak and carrying a wand of frost {zapped: 10} (almost dead)
The magic dart hits Crazy Yiuf.
Crazy Yiuf is almost dead.
Press: ? - help, v - describe, . - travel
Here: Crazy Yiuf, wielding a quarterstaff of chaos, wearing a glowing cloak and carrying a wand of frost {zapped: 10} (almost dead)
The floor.
Read which item? (? for menu, Esc to quit)
Okay, then.
Crazy Yiuf cries, "Sif Muna arga sallow!"
Drink which item? (? for menu, Esc to quit)
You feel refreshed.
It was a potion of restore abilities.
Crazy Yiuf yells, "Ice ladder head!"
Crazy Yiuf hits you with a quarterstaff of chaos!
You die...

## #.##.#
#..# .#
#....# #..#
.# ######
###..# .#
#.)..# .#
#..### .#
#..# .# #..#
.# #.g# .#
#.@# .# #..#
.# #..# .#
#..# .# #..#
.#
#########..#
.#
#..........#
##
#.#######.##
## #.# #.#


You could see Crazy Yiuf.

Vanquished Creatures
  2 adders (D:2)
  2 giant geckos
  2 giant cockroaches (D:2)
  9 goblins
  8 hobgoblins
  4 jackals (D:2)
  3 quokkas (D:2)
  4 ball pythons
  8 bats
  5 giant newts
  11 kobolds
  5 rats
63 creatures vanquished.

Notes
Turn   | Place    | Note
--------------------------------------------------------------
     0 | D:1      | MRaven, the Demonspawn Wizard, began the quest for the Orb.
     0 | D:1      | Reached XP level 1. HP: 13/13 MP: 4/4
   397 | D:1      | Gained mutation: You are partially covered in thin metallic scales (AC +2). [demonic ancestry]
   397 | D:1      | Reached XP level 2. HP: 17/19 MP: 3/6
  1029 | D:1      | Reached XP level 3. HP: 24/24 MP: 3/7
  1288 | D:1      | Learned a level 3 spell: Conjure Flame
  1292 | D:1      | Learned a level 3 spell: Mephitic Cloud
  1983 | D:2      | Reached skill level 4 in Conjurations
  1983 | D:2      | Gained mutation: You are slightly more attuned to the shadows. [demonic ancestry]
  1983 | D:2      | Reached XP level 4. HP: 20/30 MP: 1/9
  2106 | D:2      | Noticed Crazy Yiuf
  2474 | D:2      | Learned a level 2 spell: Repel Missiles
  3070 | D:2      | Mangled by Crazy Yiuf

Action                   |  1- 3 |  4- 6 || total
-------------------------+-------+-------++-------
Melee: Dagger            |    22 |       ||    22
       Unarmed           |     2 |       ||     2
       Short sword       |    29 |       ||    29
Throw: Stone             |     3 |       ||     3
 Cast: Magic Dart        |    94 |    48 ||   142
       Conjure Flame     |     1 |     1 ||     2
       Repel Missiles    |       |     1 ||     1
  Use: Scroll            |     5 |       ||     5
       Potion            |     1 |     1 ||     2
 Stab: Sleeping          |     1 |       ||     1
  Eat: Chunk             |     3 |     4 ||     7
